 Dungeon Crawl Stone Soup version 0.29.1-1-gd02db6906a (webtiles) character file.

Game seed: 9916687617822688356

1992 GeoRichter the Basher (level 9, -10/75 HPs)
             Began as a Demonspawn Gladiator on Oct 17, 2022.
             Was an Initiate of Hepliaklqana.
             Killed from afar by Maggie (24 damage)
             ... with a bolt of fire
             ... on level 7 of the Dungeon.
             The game lasted 00:15:47 (8166 turns).

GeoRichter the Basher (Demonspawn Gladiator)        Turns: 8166, Time: 00:15:47

Health: -10/75     AC: 12    Str: 22    XL:     9   Next: 1%
Magic:  9/9        EV:  9    Int: 12    God:    Hepliaklqana [......]
Gold:   428        SH:  0    Dex: 21    Spells: 8/8 levels left

rFire   . . .      SeeInvis .   a - +0 flail
rCold   . . .      Faith    .   (no shield)
rNeg    . . .      Spirit   .   D - +0 chain mail
rPois   .          Reflect  .   (helmet restricted)
rElec   .          Harm     .   f - +1 cloak
rCorr   .          Rampage  .   (no gloves)
Will    .....                   (no boots)
Stlth   ..........              (no amulet)
HPRegen 0.22/turn               o - +6 ring of strength
MPRegen 0.11/turn               z - +6 ring of dexterity

@: no status effects
A: hooves 2, rugged brown scales 2, icemail 1, condensation shield, antennae 1,
sense surroundings 1
a: Renounce Religion


You were on level 7 of the Dungeon.
You worshipped Hepliaklqana.
Hepliaklqana was noncommittal.
You visited 1 branch of the dungeon, and saw 7 of its levels.

You collected 428 gold pieces.

Inventory:

Hand Weapons
 a - a +0 flail (weapon)
Missiles
 d - 2 throwing nets {!f}
 e - 6 javelins
Armour
 b - a +0 leather armour
 f - a +1 cloak (worn)
   (You found it on level 1 of the Dungeon)
 v - the +1 robe of the Lotus Blossom {Archmagi}
   (You found it on level 3 of the Dungeon)

   Archmagi:  It increases the power of your magical spells.
 D - a +0 chain mail (worn)
   (You found it on level 6 of the Dungeon)
Jewellery
 o - a +6 ring of strength (left hand)
   (You found it on level 2 of the Dungeon)
 z - a +6 ring of dexterity (right hand)
   (You found it on level 5 of the Dungeon)
Wands
 q - a wand of light (8) (quivered)
   (You found it on level 7 of the Dungeon)
 B - a wand of roots (2)
   (You took it off a gnoll sergeant on level 5 of the Dungeon)
Scrolls
 g - a scroll of amnesia {unknown}
 i - 3 scrolls of brand weapon {unknown}
 k - a scroll of poison {unknown}
 m - 3 scrolls of immolation {unknown}
 n - 4 scrolls of identify {unknown}
 p - 3 scrolls of vulnerability {unknown}
 r - a scroll of butterflies {unknown}
 x - a scroll of magic mapping {unknown}
 y - 2 scrolls of teleportation {unknown}
 E - a scroll of enchant armour {unknown}
Potions
 c - a potion of lignification {unknown}
 h - 2 potions of flight {unknown}
 j - 2 potions of might {unknown}
 l - a potion of mutation {!q}
 s - 2 potions of degeneration {unknown}
 t - 2 potions of curing {@q1}
 u - 2 potions of attraction {unknown}
 w - a potion of heal wounds {unknown}
 A - a potion of haste {@q3}
 C - a potion of brilliance {unknown}


   Skills:
 + Level 7.0 Fighting
 * Level 9.3 Maces & Flails
 - Level 1.7 Throwing
 - Level 2.6 Dodging


You had 8 spell levels left.
You didn't know any spells.
Your spell library contained the following spells:

 Spells                   Type           Power      Damage    Failure   Level
 Sublimation of Blood     Necr           0%         N/A       99%         2
 Wereblood                Tmut           0%         N/A       99%         2
 Vampiric Draining        Necr           0%         2d6       100%        3
 Borgnjor's Vile Clutch   Necr/Erth      0%         N/A       100%        5
 Haunt                    Necr/Summ      0%         N/A       100%        7
 Summon Hydra             Summ           0%         N/A       100%        7


Dungeon Overview and Level Annotations

Branches:
Dungeon (7/15) Zot: 26835
 Temple: D:4-7

Altars:
Dithmenos
Hepliaklqana
Kikubaaqudgha
Nemelex Xobeh
Vehumet

Shops:
D:6 :

Annotations:
D:3 3 runed translucent doors, wamuu1's ghost, amateur HuTm
D:6 1 runed translucent door, exclusion: statue, Crazy Yiuf
D:7 Maggie


Innate Abilities, Weirdness & Mutations

You have hoof-like feet.
You are mostly covered in rugged brown scales. (AC +2, +5% HP)
A meltable icy envelope protects you from harm. (AC +0)
A meltable shield of frost defends you. (SH +0)
You have a pair of small antennae on your head.
You passively map a small area around you.


Message History

Aim: Maggie, wielding a +0 halberd, wearing +0 steam dragon scales and carrying a wand of flame (26) (71% to hit)
Out of range.
Okay, then.
Maggie gestures wildly while chanting.
Maggie attempts to bespell you!
You are mesmerised by Maggie!
You cannot move away from Maggie!
That's the wrong kind of item! (Use * to select it.)
Okay, then.
Aim: Maggie, wielding a +0 halberd, wearing +0 steam dragon scales and carrying a wand of flame (26) (mesmerising, 71% to hit)
The bolt of light hits Maggie!!
Maggie is blinded.
Maggie gestures at you while chanting. The bolt of fire hits you!
Your icy defenses dissipate!
Maggie hits you with a +0 halberd.
You catch the helpless Maggie completely off-guard!
You thump Maggie! You punch Maggie, but do no damage.
Maggie zaps a wand.
The puff of flame hits you.
You see here a book of Armaments.
You closely miss Maggie. You kick Maggie. Maggie barely misses you.
You sock Maggie! You kick Maggie. Maggie barely misses you.
Unknown command.
You barely miss Maggie. You kick Maggie, but do no damage.
Maggie zaps a wand.
The puff of flame hits you.
You hit Maggie but do no damage. You kick Maggie.
Maggie gestures at you while chanting. The bolt of fire hits you.
You barely miss Maggie. You kick Maggie.
You break out of your daze.
Maggie points at you and mumbles some strange words.
The bolt of fire misses you.
You hit Maggie.
Maggie zaps a wand.
The puff of flame hits you!
* * * LOW HITPOINT WARNING * * *
You hit Maggie. Your kick misses Maggie. Maggie hits you but does no damage.
You hit Maggie. Your kick misses Maggie.
Maggie is no longer blind.
Maggie barely misses you.
You barely miss Maggie. Your kick misses Maggie. Maggie casts a spell at you.
The bolt of fire hits you!!
* * * LOW HITPOINT WARNING * * *
Aim: Maggie, wielding a +0 halberd, wearing +0 steam dragon scales and carrying a wand of flame (23) (almost dead, 71% to hit)
The bolt of light misses Maggie.
Maggie gestures at you while chanting. The bolt of fire hits you!!
You die...

#..# .# * **##..##. *
, ,, , ,..... < , , *
* #...# , , #...#
#...# , #...# ,
#...#######
###########.:@@......
,
.........##.#.#######
* ########.##.#.# ,
##.##.#.#
#.......####*
#............* *
#####....[.......
#............###.
#.###........#


You could see Maggie.

Vanquished Creatures
  6 yaks (D:5)
  A steam dragon (D:6)
  An ice beast (D:7)
  An ogre (D:5)
  3 scorpions
  A necrophage (D:6)
  A gnoll sergeant (D:5)
  3 hounds (D:5)
  A gnoll bouda (D:6)
  Jessica (D:2)
  An iguana (D:6)
  3 orc wizards (D:5)
  11 gnolls
  7 adders
  A white imp (D:5)
  An ufetubus (D:5)
  2 dart slugs
  14 orcs
  4 ball pythons
  3 endoplasms
  5 giant cockroaches
  4 goblins
  4 hobgoblins
  7 jackals
  5 quokkas
  8 bats
  A frilled lizard (D:1)
  5 kobolds
  6 rats
111 creatures vanquished.

Vanquished Creatures (others)
  A human (D:3)
1 creature vanquished.

Grand Total: 112 creatures vanquished

Notes
Turn   | Place    | Note
-------+----------+-------------------------------------------
     0 | D:1      | GeoRichter the Demonspawn Gladiator began the quest for the
                  | Orb.
     0 | D:1      | Reached XP level 1. HP: 16/16 MP: 1/1
    58 | D:1      | Reached skill level 3 in Maces & Flails
   136 | D:1      | Gained mutation: You have large cloven feet. [demonic
                  | ancestry]
   136 | D:1      | Reached XP level 2. HP: 22/22 MP: 2/2
   278 | D:1      | You fall into a shaft and drop 1 floor!
   547 | D:1      | Found a faded altar of an unknown god.
   841 | D:1      | Gained mutation: You are partially covered in rugged brown
                  | scales. (AC +1, +3% HP) [demonic ancestry]
   841 | D:1      | Reached XP level 3. HP: 18/28 MP: 3/3
  1451 | D:2      | Noticed Jessica
  1456 | D:2      | Killed Jessica
  1457 | D:2      | Reached skill level 4 in Maces & Flails
  1457 | D:2      | Gained mutation: You are mostly covered in rugged brown
                  | scales. (AC +2, +5% HP) [demonic ancestry]
  1457 | D:2      | Reached XP level 4. HP: 29/36 MP: 4/4
  2755 | D:3      | Identified the +1 robe of the Lotus Blossom {Archmagi}
  2763 | D:3      | Found a runed translucent gate.
  2764 | D:3      | Found a runed translucent gate.
  2765 | D:3      | Found a runed translucent gate.
  2836 | D:3      | Noticed wamuu1's ghost (amateur HuTm)
  2940 | D:4      | Got Vunnoh Ihiv's Atlas of Stolen Souls
  2981 | D:3      | Found an ancient bone altar of Kikubaaqudgha.
  2982 | D:3      | Noticed a human
  2984 | D:3      | Killed a human
  3086 | D:3      | Noticed a scorpion
  3095 | D:3      | Killed a scorpion
  3096 | D:3      | Reached XP level 5. HP: 32/43 MP: 5/5
  3243 | D:3      | Reached skill level 5 in Maces & Flails
  3876 | D:5      | Entered Level 5 of the Dungeon
  4121 | D:5      | Noticed an ogre
  4186 | D:4      | Gained mutation: Your system is resistant to poisons.
                  | (rPois) [potion of mutation]
  4186 | D:4      | Gained mutation: Armour fits poorly on your strangely
                  | shaped body. [potion of mutation]
  4186 | D:4      | Gained mutation: You have hoof-like feet. [potion of
                  | mutation]
  4186 | D:4      | Gained mutation: Your mind is acute. (Int +4, Str/Dex -1)
                  | [potion of mutation]
  4494 | D:5      | Lost mutation: Your mind is acute. (Int +4, Str/Dex -1)
                  | [potion of mutation]
  4494 | D:5      | Lost mutation: Your system is resistant to poisons. (rPois)
                  | [potion of mutation]
  4494 | D:5      | Gained mutation: You occasionally shout uncontrollably at
                  | your foes. [potion of mutation]
  4494 | D:5      | Gained mutation: Your mind is acute. (Int +4, Str/Dex -1)
                  | [potion of mutation]
  4495 | D:5      | Lost mutation: Your mind is acute. (Int +4, Str/Dex -1)
                  | [potion of mutation]
  4495 | D:5      | Lost mutation: You have hoof-like feet. [potion of
                  | mutation]
  4495 | D:5      | Lost mutation: Armour fits poorly on your strangely shaped
                  | body. [potion of mutation]
  4495 | D:5      | Gained mutation: Your muscles are strong. (Str +4, Int/Dex
                  | -1) [potion of mutation]
  4496 | D:5      | Lost mutation: You occasionally shout uncontrollably at
                  | your foes. [potion of mutation]
  4496 | D:5      | Lost mutation: Your muscles are strong. (Str +4, Int/Dex
                  | -1) [potion of mutation]
  4496 | D:5      | Gained mutation: You have a pair of small antennae on your
                  | head. [potion of mutation]
  4496 | D:5      | Gained mutation: You passively map a small area around you.
                  | [potion of mutation]
  4504 | D:5      | Noticed an ogre
  4631 | D:5      | Gained mutation: A meltable shield of frost defends you.
                  | (SH +0) [demonic ancestry]
  4631 | D:5      | Reached XP level 6. HP: 50/50 MP: 6/6
  4697 | D:5      | Found a sparkling altar of Nemelex Xobeh.
  5329 | D:6      | Noticed a steam dragon
  5330 | D:6      | Noticed a yak
  5340 | D:5      | Reached skill level 6 in Maces & Flails
  5340 | D:5      | Reached XP level 7. HP: 37/57 MP: 7/7
  5824 | D:5      | Reached skill level 5 in Fighting
  6205 | D:6      | Found Imoynarr's Book Shoppe.
  6222 | D:6      | Noticed a yak
  6223 | D:6      | Noticed a yak
  6262 | D:5      | Killed a yak
  6263 | D:5      | Reached skill level 7 in Maces & Flails
  6643 | D:6      | Killed a steam dragon
  6644 | D:6      | Gained mutation: A meltable icy envelope protects you from
                  | harm. (AC +0) [demonic ancestry]
  6644 | D:6      | Reached XP level 8. HP: 47/67 MP: 8/8
  6868 | D:5      | Reached skill level 8 in Maces & Flails
  7367 | D:5      | Reached skill level 9 in Maces & Flails
  7733 | D:6      | Found a runed translucent door.
  7734 | D:6      | Noticed Crazy Yiuf
  7769 | D:6      | Found a radiant altar of Vehumet.
  7831 | D:6      | Found a shadowy altar of Dithmenos.
  7832 | D:6      | Found a hazy altar of Hepliaklqana.
  7837 | D:6      | Became a worshipper of Hepliaklqana the Forgotten
  8084 | D:7      | Gained mutation: You have hoof-like feet. [demonic
                  | ancestry]
  8084 | D:7      | Reached XP level 9. HP: 67/75 MP: 9/9
  8146 | D:7      | Noticed Maggie
  8166 | D:7      | Killed from afar by Maggie

Illustrated notes

Levels and vault maps discovered:
D:1:      scummos_arrival_forest, layout_basic,
          dreamdust_ecumenical_altar_grove, hex_medium
D:2:      layout_basic, serial_co_window_serial, co_window_corner_a,
          co_window_paths_a, co_window_corner_a, co_window_corner_a,
          co_window_corner_a, co_window_cross_4, co_window_corner_b,
          co_window_of_opportunity_b, co_window_broadway_c, co_window_2corner,
          co_window_sun, glass_columns_c, glass_columns_a, glass_columns_b,
          glass_columns_a, uniq_jessica
D:3:      layout_basic, tgw_kikubaaqudgha, gammafunk_ghost_icy, hex_large,
          dk_vineyard_3
D:4:      layout_basic, patterned_corridor
D:5:      layout_loops_ring, nemelex_diamond_rough_becter, nicolae_titane
D:6:      layout_cave_pools, riverfiend_overflow_shadow_ancestor,
          vehumet_statue, serial_shops,
          nicolae_shop_temple_entry_statues_fountains, corexii_leaking_fountain,
          kennysheep_generic_room_10, uniq_crazy_yiuf_cottage
D:7:      layout_loops_ring, lemuel_mausoleum_altar_yredelemnul,
          minmay_temple_entry_glassed_door, uniq_pikel, uniq_maggie,
          uniq_prince_ribbit1

Skill      XL: |  1  2  3  4  5  6  7  8 |
---------------+-------------------------+-----
Maces & Flails | 3 4 5 6 7 9 |  9.3
Fighting       | 3 4 5 7 |  7.0
Throwing       | |  1.7
Dodging        | |  2.6

Action                   |  1- 3 |  4- 6 |  7- 9 || total
-------------------------+-------+-------+-------++-------
Melee: Flail             |    96 |   162 |   179 ||   437
       Punch             |     2 |       |     5 ||     7
       Kick              |     9 |    41 |    72 ||   122
Throw: Javelin           |     4 |     2 |       ||     6
       Throwing net      |       |     2 |       ||     2
Evoke: Wand              |       |       |     2 ||     2
  Use: Potion            |       |     4 |       ||     4
       Scroll            |       |     1 |       ||     1
 Stab: Distracted        |     1 |       |       ||     1
       Invisible         |       |       |     1 ||     1
Armor: Leather armour    |    48 |    29 |       ||    77
       Scale mail        |       |    66 |    43 ||   109
       Chain mail        |       |       |    20 ||    20
Dodge: Dodged            |    75 |   104 |    72 ||   251
Block: Other             |       |     3 |    23 ||    26
